 Dungeon Crawl Stone Soup version 0.28.0-53-g5a82cb258f (webtiles) character file.

Game seed: 3402401302193028386

2550 Descartes the Unseen (level 9, -1/36 (40) HPs)
             Began as a Felid Wanderer on July 10, 2022.
             Slain by a wight
             ... wielding a +2 battleaxe of freezing
              (12 damage)
             ... on level 9 of the Dungeon.
             The game lasted 00:22:32 (14879 turns).

Descartes the Unseen (Felid Wanderer)              Turns: 14879, Time: 00:22:33

HP:   -1/36 (40)    AC:  6    Str: 13    XL:     9   Next: 30%
MP:   10/10         EV: 22    Int: 14    God:
Gold: 585           SH:  0    Dex: 15    Spells: 8/8 levels left
                                        Lives: 0   Deaths: 3

rFire   . . .      SeeInvis +     - Unarmed
rCold   . . .      Faith    .   (shield unavailable)
rNeg    . . .      Spirit   .   (armour unavailable)
rPois   .          Reflect  .   (helmet unavailable)
rElec   .          Harm     .   (cloak unavailable)
rCorr   .          Rampage  .   (gloves unavailable)
Will    +....                   (boots unavailable)
Stlth   ++++++....              (no amulet)
HPRegen 0.12/turn               m - +4 ring of protection
MPRegen 0.12/turn               e - +4 ring of slaying

@: studying Stealth, heavily drained, quick
A: very small, claws 1, fangs 3, see invisible, speed 1, shaggy fur 2, stealthy
paws, no weapons or thrown items, no armour, multi-lived
a: no special abilities


You were on level 9 of the Dungeon.
You visited 2 branches of the dungeon, and saw 10 of its levels.
You also visited: Bailey.

You collected 585 gold pieces.

Inventory:

Jewellery
 e - a +4 ring of slaying (right paw)
 g - a ring of resist corrosion
 m - a +4 ring of protection (left paw)
 o - a ring of poison resistance
 t - a +4 ring of protection
 v - a ring of willpower
 y - a ring of protection from fire
Wands
 q - a wand of flame (38)
Scrolls
 b - a scroll of fear
 d - 7 scrolls of teleportation
 f - a scroll of summoning {unknown}
 h - 4 scrolls of blinking
 j - a scroll of magic mapping {unknown}
 l - a scroll of immolation
 x - 2 scrolls of fog
 z - a scroll of amnesia {unknown}
Potions
 a - a potion of haste {unknown}
 c - 2 potions of attraction
 k - a potion of berserk rage {unknown}
 n - 2 potions of curing
 s - 2 potions of brilliance
 w - 3 potions of might {unknown}


   Skills:
 - Level 5.0 Fighting
 + Level 9.7 Dodging
 * Level 15.6 Stealth
 + Level 9.1 Unarmed Combat
 + Level 6.9 Translocations
 + Level 5.2 Transmutations


You had 8 spell levels left.
You didn't know any spells.
Your spell library contained the following spells:

 Spells                   Type           Power      Damage    Failure   Level
 Animate Skeleton         Necr           0%         N/A       28%         1
 Foxfire                  Conj/Fire      0%         2x1d4     28%         1
 Shock                    Conj/Air       0%         1d3       28%         1
 Slow                     Hex            0%         N/A       28%         1
 Corpse Rot               Necr/Air       0%         N/A       41%         2
 Poisonous Vapours        Pois/Air       0%         N/A       41%         2
 Static Discharge         Conj/Air       0%         N/A       41%         2
 Sublimation of Blood     Necr           0%         N/A       41%         2
 Confusing Touch          Hex            0%         N/A       65%         3
 Conjure Flame            Conj/Fire      0%         6-21      65%         3
 Inner Flame              Hex/Fire       0%         N/A       65%         3
 Swiftness                Air            0%         N/A       65%         3
 Vampiric Draining        Necr           0%         2d6       65%         3
 Airstrike                Air            0%         N/A       96%         4
 Flame Wave               Conj/Fire      0%         2d4       96%         4


Dungeon Overview and Level Annotations

Branches:
Dungeon (9/15)             Temple (1/1) D:7          Bailey (visited)
   Lair: D:8-11         Orc: D:9-12

Altars:
Ashenzari
Cheibriados
Dithmenos
Elyvilon
Fedhas
Gozag
Hepliaklqana
Kikubaaqudgha
Makhleb
Nemelex Xobeh
Okawaru
Qazlal
Ru
Sif Muna
Trog
Uskayaw
Vehumet
Wu Jian
Xom
Yredelemnul
Zin
The Shining One

Shops:
D:2 (   D:4 (   D:6 [


Innate Abilities, Weirdness & Mutations

You have sharp claws.
You have razor-sharp teeth.
You have supernaturally acute eyesight. (SInv)
You cover ground quickly. (Speed+)
You are covered in thick fur. (AC +2)
Your paws help you pounce on unaware monsters.
You are incapable of wielding weapons or throwing items.
You cannot wear armour.
You gain extra lives every three experience levels.


Message History

No target in view!
No target in view!
No target in view!
No target in view!
No target in view!
No target in view!
No target in view!
No target in view!
Unknown command.
Things that are here:
a +0 spear; a +0 robe 2 wights come into view.
A wight is wielding a +2 vampiric scimitar.
A wight is wielding a +2 battleaxe of freezing.
Found a sparkling altar of Nemelex Xobeh.
The helpless wight fails to defend itself.
You eviscerate the wight!!!!
You destroy the wight!
The wight hits you with a +2 battleaxe of freezing!
You feel drained. The wight freezes you.
Things that are here:
a +2 vampiric scimitar; a +0 robe You are too injured to fight recklessly!
You are too injured to fight recklessly!
You are too injured to fight recklessly!
You are too injured to fight recklessly!
You are too injured to fight recklessly!
You are too injured to fight recklessly!
You are too injured to fight recklessly!
You are too injured to fight recklessly!
You are too injured to fight recklessly!
You are too injured to fight recklessly!
You are too injured to fight recklessly!
You are too injured to fight recklessly!
You are too injured to fight recklessly!
You are too injured to fight recklessly!
You are too injured to fight recklessly!
You are too injured to fight recklessly!
You closely miss the wight.
The wight hits you with a +2 battleaxe of freezing!
You die...

...##.#####..#########
##.......#......#....#
###...##.(...........#
....###....###..#....#
.....................#
..##(.#........##########
...........[...##...#...#
...####......[##..#..#..####
..###...).....#z@#.)#..#...#
..##.........<###..#).#..#.#
...............##...#...##.#
.......[.....(<###########.#
..#....#######...# #..#
.##.......######.########.##
....#<###.................#
......................#####
........####.<........#


You could see a wight.

Vanquished Creatures
  2 orc knights (Bailey)
  2 kobold demonologists (Bailey)
  3 wraiths
  2 wyverns
  3 acid dragons
  A water moccasin (D:9)
  9 orc warriors
  3 black bears
  2 ice beasts
  A centaur (D:9)
  A necrophage (D:5)
  3 ogres
  6 phantoms
  2 kobold brigands (D:8)
  A bullfrog (D:7)
  A wyvern zombie (D:4)
  4 scorpions
  4 killer bees
  3 wights (D:9)
  2 electric eels (Bailey)
  A howler monkey (D:5)
  A bullfrog zombie (D:5)
  3 centaur zombies
  A hound (D:5)
  2 jellies (D:6)
  3 orc priests
  A centaur skeleton (D:5)
  A bullfrog skeleton (D:6)
  5 iguanas
  Terence (D:3)
  Natasha (thrice) (D:3)
  10 orc wizards
  2 killer bee zombies
  Robin (D:1)
  2 howler monkey zombies
  4 gnolls
  2 howler monkey skeletons
  5 adders
  3 white imps
  A worm (D:4)
  2 dart slugs
  28 orcs
  5 ball pythons
  13 endoplasms
  6 giant cockroaches
  18 hobgoblins
  3 jackals (D:1)
  17 kobolds
  2 quokkas (D:3)
  3 training dummies (D:4)
  7 bats
  A frilled lizard (D:1)
  16 goblins
  6 rats
234 creatures vanquished.

Vanquished Creatures (others)
  9 plants
9 creatures vanquished.

Grand Total: 243 creatures vanquished

Notes
Turn   | Place    | Note
-------+----------+-------------------------------------------
     0 | D:1      | Descartes the Felid Wanderer began the quest for the Orb.
     0 | D:1      | Descartes set off with the following items: a potion of
                  | invisibility, a scroll of fear, a potion of attraction, a
                  | scroll of teleportation
     0 | D:1      | Reached XP level 1. HP: 12/12 MP: 2/2
    59 | D:1      | Reached skill level 1 in Stealth
   466 | D:1      | Reached skill level 1 in Dodging
   466 | D:1      | Reached XP level 2. HP: 2/16 MP: 3/3
   822 | D:1      | Reached skill level 2 in Stealth
  1394 | D:1      | Reached XP level 3. HP: 13/19 MP: 4/4
  1916 | D:1      | Reached skill level 3 in Stealth
  2155 | D:2      | Found Badecec Ivao's Weapon Shop.
  2853 | D:3      | Noticed Robin
  3251 | D:1      | Killed Robin
  3252 | D:1      | Reached XP level 4. HP: 16/23 MP: 5/5
  3526 | D:3      | Reached skill level 4 in Stealth
  3541 | D:3      | Noticed Natasha
  3548 | D:3      | Killed Natasha
  3743 | D:3      | Noticed Terence
  3763 | D:3      | Killed Terence
  3764 | D:3      | Reached XP level 5. HP: 26/26 MP: 6/6
  3868 | D:3      | Noticed Natasha
  3884 | D:3      | Killed Natasha
  3885 | D:3      | Reached skill level 5 in Stealth
  4063 | D:3      | Found an iron altar of Okawaru.
  4142 | D:3      | Noticed Natasha
  4156 | D:3      | Killed Natasha
  4445 | D:4      | Found a burning altar of Makhleb.
  4474 | D:4      | Mangled by a wyvern zombie
  4475 | D:4      | Reached XP level 4. HP: -9/23 MP: 5/5
  4475 | D:4      | Found Igiv's Firing Range.
  4503 | D:4      | Found a hazy altar of Hepliaklqana.
  4503 | D:4      | Noticed a black bear
  4518 | D:4      | Killed a black bear
  4519 | D:4      | Reached skill level 6 in Stealth
  4519 | D:4      | Reached XP level 5. HP: 6/26 MP: 6/6
  4679 | D:4      | Gained mutation: You are covered in thick fur. (AC +2)
                  | [Felid growth]
  4679 | D:4      | Reached XP level 6. HP: 22/30 MP: 7/7
  4764 | D:4      | Found a shadowy altar of Dithmenos.
  4777 | D:4      | Reached skill level 7 in Stealth
  5009 | D:4      | Found a snail-covered altar of Cheibriados.
  5099 | D:4      | Reached skill level 8 in Stealth
  5099 | D:4      | Reached XP level 7. HP: 33/33 MP: 8/8
  5115 | D:4      | Reached skill level 5 in Dodging
  5485 | D:5      | Entered Level 5 of the Dungeon
  5593 | D:5      | Found a basalt altar of Yredelemnul.
  5707 | D:5      | Reached skill level 9 in Stealth
  5855 | D:5      | Reached XP level 8. HP: 18/37 MP: 9/9
  6396 | D:5      | Reached skill level 10 in Stealth
  6703 | D:5      | Found a blossoming altar of Fedhas.
  7061 | D:6      | Reached skill level 11 in Stealth
  7227 | D:6      | Found Gutupsuw's Antique Armour Emporium.
  7603 | D:6      | Reached skill level 1 in Translocations
  7621 | D:6      | Reached skill level 1 in Transmutations
  8015 | D:6      | Reached XP level 9. HP: 40/40 MP: 10/10
  8832 | D:7      | Reached skill level 12 in Stealth
  8833 | D:7      | Identified the +1 robe "Siadwaz" {rElec Str+3 Slay-2}
  9037 | D:7      | Found a staircase to the Ecumenical Temple.
  9042 | Temple   | Entered the Ecumenical Temple
  9744 | D:7      | Found a glowing golden altar of the Shining One.
  9744 | D:7      | Found a glowing silver altar of Zin.
  9745 | D:7      | Found a white marble altar of Elyvilon.
 10092 | D:8      | Found a radiant altar of Vehumet.
 10138 | D:8      | Found a flagged portal.
 10168 | Bailey   | Entered a bailey
 10546 | Bailey   | Reached skill level 13 in Stealth
 10978 | Bailey   | Noticed an orc knight
 10980 | Bailey   | Noticed an orc knight
 10994 | Bailey   | Killed an orc knight
 10995 | Bailey   | Reached skill level 5 in Translocations
 10995 | Bailey   | Reached XP level 10. HP: 25/44 MP: 11/11
 11003 | Bailey   | Killed an orc knight
 11283 | Bailey   | Found an iron altar of Okawaru.
 11285 | Bailey   | Noticed a smoke demon
 11286 | Bailey   | Noticed an orange demon
 11290 | Bailey   | Slain by a hellwing
 11291 | Bailey   | Reached XP level 9. HP: -3/40 MP: 10/10
 11326 | Bailey   | Killed a kobold demonologist
 11327 | Bailey   | Reached skill level 14 in Stealth
 11542 | Bailey   | Got the Handbook of Excruciating Necromancy
 11552 | Bailey   | Noticed a rust devil
 11559 | Bailey   | Killed a kobold demonologist
 11783 | D:8      | Acquired a manual of Stealth
 11785 | D:8      | Acquired a manual of Stealth
 13302 | D:9      | Reached skill level 15 in Stealth
 13564 | D:9      | Killed from afar by an orc priest
 13565 | D:9      | Reached XP level 8. HP: -7/37 MP: 9/9
 13567 | D:9      | Found a stormy altar of Qazlal.
 13685 | D:8      | Reached skill level 5 in Transmutations
 13685 | D:8      | Reached XP level 9. HP: 11/40 MP: 10/10
 14875 | D:9      | Found a sparkling altar of Nemelex Xobeh.
 14879 | D:9      | Slain by a wight

Illustrated notes

Levels and vault maps discovered:
D:1:      onia_arrival_mini_spirals, layout_basic
D:2:      layout_basic, serial_shops, shop_statue, kennysheep_nub
D:3:      layout_basic, mainiacjoe_overflow_catwalk, serial_co_window_serial,
          co_window_paths_a, co_window_corner_a, co_window_paths_a,
          co_window_paths_b, co_window_corner_a, co_window_broadway_b,
          co_window_cross_3, co_window_broadway_c, co_window_cross_2,
          co_window_4corner_a, glass_columns_c, uniq_terence, uniq_robin,
          uniq_natasha
D:4:      layout_basic, nicolae_hepliaklqana_hazy_memory,
          nicolae_dithmenos_shadow_blocks, mainiacjoe_overflow_chevrons,
          nicolae_overflow_crystal_walls, nicolae_shop_firing_range
D:5:      layout_basic, lemuel_crystal_altar, mainiacjoe_overflow_paths,
          roderic_st_hans_cross, minmay_misc_feat_tower
D:6:      layout_basic, serial_shops, nicolae_shop_hallway_plus,
          serial_bayou_pond_a
D:7:      layout_basic, good_gods_temple_1, minmay_temple_entry_metal_lava
D:8:      layout_basic, vehumet_altar_wand_db, enter_bailey_7, serial_glass,
          glass_columns_b, glass_columns_a
D:9:      layout_rooms, marbit_many_paths, grunt_qazlal_clouds
Temple:   nicolae_temple_figure_zero

Skill      XL: |  1  2  3  4  5  6  7  8  9 10 |
---------------+-------------------------------+-----
Stealth        | 1 2 3 6 5 8 9 11 15 | 15.6
Dodging        | 1 2 4 5 7 8 9 |  9.7
Unarmed Combat | 6 7 9 |  9.1
Translocations | 1 6 |  6.9
Transmutations | 5 3 4 |  5.2
Fighting       | |  5.0

Action                   |  1- 3 |  4- 6 |  7- 9 | 10-12 || total
-------------------------+-------+-------+-------+-------++-------
Melee: Unarmed           |   123 |   155 |   500 |    15 ||   793
       Bite              |     5 |    16 |    51 |     2 ||    74
       Punch             |     1 |     5 |    34 |       ||    40
Evoke: Wand              |       |       |     1 |       ||     1
  Use: Scroll            |       |     3 |     9 |       ||    12
       Potion            |       |       |     2 |     1 ||     3
 Stab: Sleeping          |    10 |    12 |    30 |     2 ||    54
       Distracted        |       |       |     3 |     1 ||     4
       Invisible         |       |       |     4 |     3 ||     7
Armor: Skin              |     9 |    24 |    56 |       ||    89
Dodge: Dodged            |    67 |    94 |   394 |    18 ||   573
